 Dungeon Crawl Stone Soup version 0.25-a0-829-g4e6a552925 (webtiles) character file.

Game seed: 8837826898570446313, levelgen mode: deterministic

3 kae the Gusty (level 1, -2/10 HPs)
             Began as a Tengu Air Elementalist on Apr 21, 2020.
             Slain by a kobold
             ... wielding a +0 short sword
              (5 damage)
             ... on level 1 of the Dungeon.
             The game lasted 00:00:14 (379 turns).

kae the Gusty (Tengu Air Elementalist)               Turns: 379, Time: 00:00:14

Health: -2/10      AC:  2    Str:  8    XL:     1   Next: 50%
Magic:  1/4        EV: 12    Int: 15    God:
Gold:   9          SH:  0    Dex: 14    Spells: 3/4 levels left

rFire    . . .     SeeInvis .   (no weapon)
rCold    . . .     Gourm    .   (no shield)
rNeg     . . .     Faith    .   a - +0 robe
rPois    .         Spirit   .   (helmet restricted)
rElec    .         Reflect  .   b - scarf {cloud immunity}
rCorr    .         Harm     .   (no gloves)
MR       .....                  (boots unavailable)
Stlth    ++........             (no amulet)
HPRegen  0.03/turn              (no ring)
MPRegen  0.09/turn              (no ring)

@: very slightly contaminated
A: beak, talons 3
a: no special abilities


You were on level 1 of the Dungeon.
You were not hungry.

You visited 1 branch of the dungeon, and saw 1 of its levels.

You collected 9 gold pieces.

Inventory:

Armour
 a - a +0 robe (worn)
 b - a scarf of cloud immunity (worn)
Jewellery
 f - an uncursed ring of positive energy {unknown}
Scrolls
 e - a scroll of identify {unknown}
 h - a scroll of remove curse {unknown}
Potions
 d - a potion of haste {unknown}
 g - a potion of ambrosia {unknown}
Comestibles
 c - a ration


   Skills:
 - Level 2.1 Dodging
 - Level 2.0 Stealth
 + Level 2.0 Spellcasting
 * Level 1.8 Conjurations
 + Level 4.1 Air Magic


You had 3 spell levels left.
You knew the following spells:

 Your Spells              Type           Power        Failure   Level  Hunger
a - Shock                 Conj/Air       ##..         7%          1    #......

Your spell library contained the following spells:

 Spells                   Type           Power        Failure   Level  Hunger
 Swiftness                Chrm/Air       #.......     14%         2    ###....
 Static Discharge         Conj/Air       ##......     21%         3    ###....
 Airstrike                Air            ##........   38%         4    #####..
 Lightning Bolt           Conj/Air       ##........   88%         5    ######.


Dungeon Overview and Level Annotations

Branches:
Dungeon (1/15)

Altars:


Innate Abilities, Weirdness & Mutations

You have a beak for a mouth.
You have claws for feet.


Message History

You hit the kobold. Your kick misses the kobold.
The kobold is severely wounded.
The kobold hits you with a +0 short sword.
You are too injured to fight recklessly!
You are too injured to fight recklessly!
You are too injured to fight recklessly!
You are too injured to fight recklessly!
You are too injured to fight recklessly!
You hit the kobold but do no damage.
The kobold is severely wounded.
The kobold hits you with a +0 short sword.
* * * LOW HITPOINT WARNING * * *
You hit the kobold but do no damage. Your peck misses the kobold.
The kobold is severely wounded.
The kobold hits you but does no damage.
You closely miss the kobold. Your kick misses the kobold.
The kobold is severely wounded.
The kobold hits you with a +0 short sword.
Ouch! That really hurt!
You die...

.#..#
#...####
......# ##
......#
#.###.....#
##....#...#
#.#(.K.#..#
#..#.@..#.#
#...#....##
...#
#.....###.#
...#
#...#....##
.........
#..#....#.#
..........
#.#....#..#
#.........
##....#...#
#.........
#.###.....#
+.........
##....#...#


You could see a kobold.

Vanquished Creatures
  A leopard gecko (D:1)
  A frilled lizard (D:1)
  A rat (D:1)
3 creatures vanquished.

Notes
Turn   | Place    | Note
-------+----------+-------------------------------------------
     0 | D:1      | kae the Tengu Air Elementalist began the quest for the Orb.
     0 | D:1      | Reached XP level 1. HP: 10/10 MP: 4/4
   379 | D:1      | Slain by a kobold

Levels and vault maps discovered:
D:1:      giann_forest_graveyard, layout_basic, kennysheep_doodads,
          hangedman_decor_diamond_cutter, chequers_serial_rivers_room_b,
          minmay_misc_feat_columns, nrook_mini_backslash,
          hangedman_decor_peaks_small

Action                   || total
-------------------------++-------
Melee: Unarmed           ||     9
       Kick              ||     1
       Peck              ||     1
 Cast: Shock             ||     6
Dodge: Dodged            ||     2

Table legend:
 A = Non-vault XP
 B = Vault XP
 C = Vault XP percentage of total XP
 D = Non-vault monster count
 E = Vault monster count
 F = Vault count percentage of total count
                 A         B        C        D         E       F
            +---------+---------+-------+---------+---------+-------
      Total |       5 |       0 |   0.0 |       3 |       0 |   0.0
            +---------+---------+-------+---------+---------+-------
        D:1 |       5 |       0 |   0.0 |       3 |       0 |   0.0
            +---------+---------+-------+---------+---------+-------
